 Dungeon Crawl Stone Soup version bcrawl-1.13.1-9-ga81ed0b431 (webtiles) character file.

Game seed: 17415422610365390663

6 FinalFate the Digger (level 1, 0/10 HPs)
             Began as a Gargoyle Earth Elementalist on Aug 7, 2019.
             Slain by a jackal (1 damage)
             ... on level 1 of the Dungeon.
             The game lasted 00:09:06 (509 turns).

FinalFate the Digger (Gargoyle Earth Elementalist)   Turns: 509, Time: 00:09:06

Health: 0/10       AC:  4    Str: 11    XL:     1   Next: 90%
Magic:  1/3        EV: 12    Int: 15    God:
Gold:   10         SH:  0    Dex: 10    Spells: 3/4 levels left

rFire    . . .     SeeInvis .   (no weapon)
rCold    . . .     Gourm    .   (no shield)
rNeg     + . .     Faith    .   c - +0 robe
rPois    ∞         Spirit   .   (no helmet)
rElec    +         Reflect  .   (no cloak)
rCorr    .         Harm     .   (no gloves)
MR       .....                  (no boots)
Stlth    ++........             (no amulet)
HPRegen  0.03/turn              (no ring)
MPRegen  0.08/turn              (no ring)

@: no status effects
A: negative energy resistance 1, electricity resistance, unbreathing,
petrification resistance, rot immunity, AC +2
a: no special abilities


You were on level 1 of the Dungeon.
You were not hungry.

You visited 1 branch of the dungeon, and saw 1 of its levels.

You collected 10 gold pieces.

Inventory:

Missiles
 b - 386 stones (quivered)
Armour
 c - a +0 robe (worn)
 g - a cursed -2 plate armour
Jewellery
 a - a +4 ring of protection {unknown}
Comestibles
 d - 2 rations {!d}


   Skills:
 + Level 1.6 Dodging
 + Level 2.5 Stealth
 + Level 2.0 Spellcasting
   Level 0.7 Transmutations
 + Level 4.0 Earth Magic


You had 3 spell levels left.
You knew the following spells:

 Your Spells              Type           Power        Failure   Level  Hunger
a - Sandblast             Erth           ##....       4%          1    #......

Your spell library contained the following spells:

 Spells                   Type           Power        Failure   Level  Hunger
 Passwall                 Tmut/Erth      #.......     13%         2    ###....
 Stone Arrow              Conj/Erth      #.....       28%         3    ###....
 Petrify                  Tmut/Erth      #.......     63%         4    #####..
 Lee's Rapid Deconstruct  Erth           ##........   75%         5    ######.


Dungeon Overview and Level Annotations

Branches:
Dungeon (1/12)

Altars:


Innate Abilities, Weirdness & Mutations

You are resistant to torment.
Your stone body is resilient. (AC +2)
You are immune to poison.
You resist negative energy. (rN+)
You are resistant to electric shocks. (rElec)
You can survive without breathing.
You are immune to petrification.
You are immune to rotting.


Message History

The jackal bites you.
* * * LOW HITPOINT WARNING * * *
The jackal barely misses you.
You aren't carrying any potions.
As you read the scroll labeled HANWAC QALUS, it crumbles to dust.
It is a scroll of amnesia.
Really abort (and waste the scroll)? [Y]es or [N]o only, please.
Really abort (and waste the scroll)?
Okay, then.
The jackal barely misses you.
As you read the scroll labeled COOMMOI YWUESCH, it crumbles to dust.
You feel blessed for a moment.
It was a scroll of remove curse.
The jackal barely misses you.
Unknown command.
You hit the jackal.
You kill the jackal!
Your Earth Magic skill increases to level 4!
The jackal bites you.
You die...

.......######.........####h######
...........................#.....
......(######............###.....
........# ........##...#.....
......#.# ###.######.#.......
......#.# #.######.##......
#######.## #...#............
#..#########.)...#.###.....
#######......>..@h.###...# #.....
........###.######## ###.# #.....
######### #....## ### ###### #
####..## ###############..###
...................#####
###############........#
######...# ###.#


You could see a jackal.

Vanquished Creatures
  A dart slug (D:1)
  2 jackals (D:1)
  A bat (D:1)
4 creatures vanquished.

Notes
Turn   | Place    | Note
-------+----------+-------------------------------------------
     0 | D:1      | FinalFate the Gargoyle Earth Elementalist began the quest
                  | for the Orb.
     0 | D:1      | Reached XP level 1. HP: 10/10 MP: 3/3
   509 | D:1      | Reached skill level 4 in Earth Magic
   509 | D:1      | Slain by a jackal

Skill      XL: |  1 |
---------------+----+-----
Earth Magic    | 4 |  4.0
Dodging        | |  1.6
Stealth        | |  2.5
Spellcasting   | |  2.0
Transmutations | |  0.7

Action                   || total
-------------------------++-------
Melee: Unarmed           ||    12
 Cast: Sandblast         ||     6
  Use: Scroll            ||     2
 Stab: Sleeping          ||     1
Armor: Robe              ||     5
Dodge: Dodged            ||    19
